 Dungeon Crawl Stone Soup version 0.31.0-9-g3a7656b989 (webtiles) character file.

Game seed: 7404235318257966653

23 qw the Shooter (level 2, 0/14 HPs)
             Began as a Spriggan Hunter on Feb 2, 2024.
             Succumbed to their own poison gas
             ... on level 1 of the Dungeon.
             The game lasted 00:00:02 (606 turns).

qw the Shooter (Spriggan Hunter)                     Turns: 606, Time: 00:00:02

Health: 0/14       AC:  2    Str:  7    XL:     2   Next: 75%
Magic:  3/3        EV: 19    Int: 10    God:
Gold:   58         SH:  0    Dex: 18    Spells: 1/1 levels left

rFire   . . .        a - +0 shortbow
rCold   . . .        (shield currently unavailable)
rNeg    . . .        c - +0 robe
rPois   .            (helmet restricted)
rElec   .            (no cloak)
rCorr   .            (gloves unavailable)
SInv    +            (boots unavailable)
Will    .....        (no amulet)
Stlth   ++           (no ring)
HPRegen 0.22/turn    (no ring)
MPRegen 0.08/turn

%: no passive effects
@: lethally poisoned (0 -> -11), very quick
A: very small, no large weapons, unfitting armour, see invisible, speed 3
a: no special abilities


You were on level 1 of the Dungeon.
You visited 1 branch of the dungeon, and saw 1 of its levels.

You collected 58 gold pieces.


Innate Abilities, Weirdness & Mutations

You are very small and have problems with some larger weapons.
You are too small for most types of armour.
You have supernaturally acute eyesight. (SInv)
You cover ground extremely quickly. (Speed+++)


   Skills:
 - Level 1.5 Fighting
 + Level 4.3 Ranged Weapons
 - Level 4.0 Dodging
 - Level 1.5 Stealth


You had one spell level left.
You didn't know any spells.
Your spell library was empty.

Inventory:

Hand Weapons
 a - a +0 shortbow (weapon)
Armour
 c - a +0 robe (worn)
Potions
 f - a potion of heal wounds
 h - a potion of might {unknown}

Dungeon Overview and Level Annotations

Branches:
Dungeon (1/15)

Altars:


Message History

Done exploring.
Done exploring.
572 ||| READING scroll labelled KES ZILEOT.
As you read the scroll labelled KES ZILEOT, it crumbles to dust.
It is a scroll of identify.
572 ||| IDENTIFYING red potion;
f - a potion of heal wounds Done exploring.
573 ||| READING scroll labelled DEYKAITHRUG.
As you read the scroll labelled DEYKAITHRUG, it crumbles to dust.
Your body is wracked with pain!
It was a scroll of torment.
You start resting.
HP restored.
Done exploring.
601 ||| READING scroll labelled RATSUF HEOTAI.
The air fills with toxic fumes!
As you read the scroll labelled RATSUF HEOTAI, it crumbles to dust.
It was a scroll of poison.
Done exploring.
602 ||| DROPPING scroll of butterflies.
You drop a scroll of butterflies.
Done exploring.
What level of the Dungeon? (default 1, ? - help) Sorry, I don't know how to get there.
Enter note:
Enter note:
Enter note:
Enter note:
Enter note:
Enter note:
Enter note:
Enter note:
Enter note: You are engulfed in poison gas.
You are lethally poisoned!
You feel very sick.
604 ||| Stepping ~*~*~tactically~*~*~ (cloud).
You feel very sick.
There is a lethal amount of poison in your body!
You feel very sick.
There is a lethal amount of poison in your body!
You die...

.....# #.. .....# #.# .....# #.#
.....# ### #.# .....# ##.## #.#
...%.######## ##.#.## #.#
#.##........# ##.###.##########.#
#.#########.###¤##..............#
#.# #......¤¤¤@#.#.:.........##
#.# #.###.###.#¤¤¤¤¤##.......##
#.#####.# #.###¤?¤00¤¤¤¤.~~~~~...
#.......# #.##¤¤~¤¤¤¤¤¤¤~~~~~~~.~
#######.###..¤¤¤~¤¤¤¤¤¤¤~~~~~~~~~
#.....¤¤¤¤~¤¤0¤¤¤¤~~~~~~~~~ ####
#.###¤¤¤¤¤~¤¤¤¤¤¤¤#####~~~~
...####.###¤¤¤¤¤~¤¤¤¤¤¤##...##~~~
.....^.......~~~~~~~~~~#..>..#~~~


There were no monsters in sight!

Vanquished Creatures
  A ball python (D:1)
  2 bats (D:1)
  3 giant cockroaches (D:1)
  2 goblins (D:1)
  3 hobgoblins (D:1)
  3 kobolds (D:1)
  2 quokkas (D:1)
  3 frilled lizards (D:1)
  A rat (D:1)
20 creatures vanquished.

Notes
Turn   | Place    | Note
-------+----------+-------------------------------------------
     0 | D:1      | qw the Spriggan Hunter began the quest for the Orb.
     0 | D:1      | Reached XP level 1. HP: 10/10 MP: 2/2
     0 | D:1      | 0 ||| qw: Version: 0.3-a-155-g5e7d8dd
     0 | D:1      | 0 ||| qw: Game counter: 342
     0 | D:1      | 0 ||| qw: Melee chars always use a shield: true
     0 | D:1      | 0 ||| qw: God list: Okawaru
     0 | D:1      | 0 ||| qw: Allow faded altars: false
     0 | D:1      | 0 ||| qw: Do Orc after clearing Dungeon:15 true
     0 | D:1      | 0 ||| qw: Do second Lair branch before Depths: true
     0 | D:1      | 0 ||| qw: Lair rune preference: random
     0 | D:1      | 0 ||| qw: Goals: Normal
     0 | D:1      | 0 ||| PLANNING D:1-11
    26 | D:1      | Reached skill level 3 in Dodging
   152 | D:1      | Reached XP level 2. HP: 14/14 MP: 3/3
   572 | D:1      | 572 ||| READING scroll labelled KES ZILEOT.
   572 | D:1      | 572 ||| IDENTIFYING red potion
   573 | D:1      | 573 ||| READING scroll labelled DEYKAITHRUG.
   601 | D:1      | 601 ||| READING scroll labelled RATSUF HEOTAI.
   602 | D:1      | 602 ||| DROPPING scroll of butterflies.
   604 | D:1      | 604 ||| Stepping ~*~*~tactically~*~*~ (cloud).
   605 | D:1      | HP: 3/14 [poisoned by you (poison gas)]
   606 | D:1      | Succumbed to their own poison gas

Levels and vault maps discovered:
D:1:      minmay_arrival_shoal_huts, layout_loops_ring

Skill      XL: |  1  2 |
---------------+-------+-----
Dodging        | 3 4 |  4.0
Fighting       | |  1.5
Ranged Weapons | |  4.3
Stealth        | |  1.5

Action                     || total
---------------------------++-------
   Fire: Shortbow          ||    57
    Use: Scroll            ||     3
 Armour: Robe              ||     4
  Dodge: Dodged            ||    10

Table legend:
 A = Non-vault XP
 B = Vault XP
 C = Vault XP percentage of total XP
 D = Non-vault monster count
 E = Vault monster count
 F = Vault count percentage of total count
                 A         B        C        D         E       F
            +---------+---------+-------+---------+---------+-------
      Total |      34 |       0 |   0.0 |      20 |       0 |   0.0
            +---------+---------+-------+---------+---------+-------
        D:1 |      34 |       0 |   0.0 |      20 |       0 |   0.0
            +---------+---------+-------+---------+---------+-------
